 Dungeon Crawl Stone Soup version 0.29.1-2-gbd0b4ee654 (webtiles) character file.

Game seed: 2894533799837326209

858 nyarmith the Cleaver (level 8, -1/59 (69) HPs)
             Began as a Hill Orc Monk on Oct 30, 2022.
             Was an Elder of Cheibriados.
             Slain by a wight
             ... wielding a +4 halberd
              (5 damage)
             ... on level 6 of the Dungeon.
             The game lasted 00:24:44 (5120 turns).

nyarmith the Cleaver (Hill Orc Monk)                Turns: 5120, Time: 00:24:45

HP:   -1/59 (69)    AC: 14    Str: 25    XL:     8   Next: 2%
MP:   8/8           EV:  8    Int: 19    God:    Cheibriados [****..]
Gold: 300           SH:  0    Dex: 22    Spells: 7/7 levels left

rFire   . . .      SeeInvis .   c - +1 battleaxe
rCold   . . .      Faith    .   (shield currently unavailable)
rNeg    . . .      Spirit   .   o - +0 plate armour
rPois   .          Reflect  .   (no helmet)
rElec   .          Harm     .   (no cloak)
rCorr   .          Rampage  .   b - +0 pair of gloves
Will    .....                   q - +0 pair of boots
Stlth   ..........              (no amulet)
HPRegen 0.19/turn               (no ring)
MPRegen 0.11/turn               (no ring)

@: heavily drained, very slow
A: no striking features
a: Renounce Religion, Bend Time, Temporal Distortion, Slouch


You were on level 6 of the Dungeon.
You worshipped Cheibriados.
Cheibriados was greatly pleased with you.
You visited 1 branch of the dungeon, and saw 6 of its levels.

You collected 300 gold pieces.

Inventory:

Hand Weapons
 a - a +0 hand axe
 c - a +1 battleaxe (weapon)
 e - a +0 sling
 u - a +2 vorpal shortbow
Missiles
 d - 48 stones (quivered)
Armour
 b - a +0 pair of gloves (worn)
 o - a +0 plate armour (worn)
 q - a +0 pair of boots (worn)
Jewellery
 k - a ring of flight
 x - a ring of wizardry
Scrolls
 g - 2 scrolls of enchant weapon
 l - 5 scrolls of identify {unknown}
 r - 2 scrolls of immolation {unknown}
 s - a scroll of enchant armour {unknown}
 t - a scroll of fog {unknown}
 v - a scroll of amnesia {unknown}
Potions
 f - 2 potions of cancellation {unknown}
 h - 2 potions of might {unknown}
 j - 4 potions of flight {unknown}
 n - 2 potions of haste
 p - a potion of resistance {unknown}


   Skills:
 + Level 5.4 Fighting
 + Level 9.1 Axes
 + Level 1.0 Ranged Weapons
 + Level 4.4 Armour
 + Level 3.0 Dodging
 + Level 1.7 Stealth


You had 7 spell levels left.
You didn't know any spells.
Your spell library contained the following spells:

 Spells                   Type           Power      Damage    Failure   Level
 Ozocubu's Armour         Ice            0%         N/A       100%        3
 Ozocubu's Refrigeration  Ice            0%         4d7       100%        7


Dungeon Overview and Level Annotations

Branches:
Dungeon (6/15)             Temple (0/1) D:5

Altars:
Ashenzari
Cheibriados
Kikubaaqudgha
Nemelex Xobeh
Uskayaw


Message History

The wight hits you with a +3 battleaxe! The wight closely misses you.
The wight misses you.
You slash the wight!
The wight is severely damaged.
The wight hits you from afar with a +4 halberd.
You feel drained. The wight hits you with a +3 battleaxe!
You feel drained.
You slash the wight!
You destroy the wight!
Cheibriados appreciates the change of pace.
The wight completely misses you.
Your Axes skill increases to level 9!
You have reached level 8!
The wight hits you with a +4 halberd!
* * * LOW HITPOINT WARNING * * *
The wight hits you but does no damage.
Things that are here:
a +3 battleaxe; a +0 robe You hit the wight but do no damage.
The wight hits you with a +4 halberd!
* * * LOW HITPOINT WARNING * * *
You feel drained.
* * * LOW HITPOINT WARNING * * *
The wight completely misses you. The wight hits you but does no damage.
You feel much better.
The wight hits you from afar with a +4 halberd!
You feel drained. The wight hits you with a +4 halberd.
* * * LOW HITPOINT WARNING * * *
You feel drained.
* * * LOW HITPOINT WARNING * * *
Things that are here:
a +3 battleaxe; a +0 robe You closely miss the wight.
The wight hits you with a +4 halberd!
* * * LOW HITPOINT WARNING * * *
You feel drained.
* * * LOW HITPOINT WARNING * * *
The wight barely misses you.
You hit the wight.
The wight is moderately damaged.
The wight hits you with a +4 halberd.
You die...

#............#
#............#
#............#
#............#
#............#
#............#
#<...........#
#............#
#....@########
#...z.#
#.....#
+.....#
#.....#
#.....#
#.....#
#.....#


You could see a wight.

Vanquished Creatures
  A steam dragon (D:5)
  A water moccasin (D:5)
  A centaur (D:5)
  A necrophage (D:5)
  A scorpion (D:4)
  A wight (D:6)
  A jelly (D:5)
  3 orc priests
  An iguana (D:4)
  An orc wizard (D:3)
  3 gnolls (D:3)
  9 adders
  2 worms
  A dart slug (D:1)
  16 orcs
  3 endoplasms
  2 giant cockroaches (D:2)
  3 hobgoblins
  8 kobolds
  4 quokkas
  5 ball pythons
  3 bats
  4 frilled lizards
  5 goblins
  5 rats
  2 bushes (D:5)
87 creatures vanquished.

Vanquished Creatures (others)
  4 fungi (D:3)
  6 plants (D:3)
10 creatures vanquished.

Grand Total: 97 creatures vanquished

Notes
Turn   | Place    | Note
-------+----------+-------------------------------------------
     0 | D:1      | nyarmith the Hill Orc Monk began the quest for the Orb.
     0 | D:1      | Reached XP level 1. HP: 19/19 MP: 1/1
    89 | D:1      | Reached XP level 2. HP: 14/27 MP: 2/2
  1250 | D:2      | Reached XP level 3. HP: 32/33 MP: 3/3
  1485 | D:2      | Reached skill level 5 in Axes
  1620 | D:2      | You fall into a shaft and drop 2 floors!
  1945 | D:3      | Reached XP level 4. HP: 32/40 MP: 4/4
  2055 | D:3      | Reached skill level 1 in Ranged Weapons
  2247 | D:3      | Reached skill level 1 in Armour
  2254 | D:3      | Reached XP level 5. HP: 18/46 MP: 5/5
  2282 | D:3      | HP: 2/47 [orc wizard/+0 dagger (2)]
  2287 | D:3      | Reached skill level 6 in Axes
  2389 | D:3      | Found a faded altar of an unknown god.
  2442 | D:3      | Prayed at the altar of an unknown god.
  2442 | D:3      | Became a worshipper of Cheibriados the Contemplative
  2442 | D:3      | Reached * piety under Cheibriados
  2442 | D:3      | Reached ** piety under Cheibriados
  2676 | D:3      | Found a sparkling altar of Nemelex Xobeh.
  2903 | D:4      | Reached *** piety under Cheibriados
  3228 | D:4      | Reached XP level 6. HP: 53/53 MP: 6/6
  3438 | D:4      | Found a broken altar of Ashenzari.
  3858 | D:5      | Entered Level 5 of the Dungeon
  3872 | D:5      | Reached skill level 7 in Axes
  3872 | D:5      | Found a staircase to the Ecumenical Temple.
  3890 | D:5      | Reached XP level 7. HP: 23/60 MP: 7/7
  4143 | D:5      | Noticed a steam dragon
  4164 | D:5      | Killed a steam dragon
  4165 | D:5      | Reached skill level 5 in Fighting
  4165 | D:5      | Reached skill level 8 in Axes
  4501 | D:5      | Reached **** piety under Cheibriados
  4631 | D:5      | Found a hide-covered altar of Uskayaw.
  5060 | D:6      | Found an ancient bone altar of Kikubaaqudgha.
  5114 | D:6      | Reached skill level 9 in Axes
  5114 | D:6      | Reached XP level 8. HP: 27/67 MP: 8/8
  5120 | D:6      | Slain by a wight

Illustrated notes

Levels and vault maps discovered:
D:1:      mushboom_english_gardens, layout_basic
D:2:      layout_loops_ring, basic_altar
D:3:      layout_basic, old_standard_altar, dreamdust_ecumenical_altar_grove
D:4:      layout_basic, nicolae_ashenzari_skybound
D:5:      layout_basic, overflow_temple_1_default, minmay_temple_entry_trees
D:6:      layout_gridville, lemuel_coloured_pillars_altar,
          kennysheep_another_room

Skill      XL: |  1  2  3  4  5  6  7 |
---------------+----------------------+-----
Fighting       | 4 5 |  5.4
Axes           | 5 6 7 9 |  9.1
Ranged Weapons | 1 |  1.0
Armour         | 1 3 4 |  4.4
Dodging        | 3 |  3.0
Stealth        | |  1.7

Action                   |  1- 3 |  4- 6 |  7- 9 || total
-------------------------+-------+-------+-------++-------
Melee: Hand axe          |   123 |    76 |       ||   199
       Punch             |     1 |     1 |       ||     2
       Battleaxe         |       |    83 |    76 ||   159
 Fire: Sling             |    15 |       |       ||    15
Throw: Stone             |     6 |       |       ||     6
  Use: Potion            |       |     1 |     3 ||     4
       Scroll            |       |       |     2 ||     2
 Stab: Sleeping          |     1 |       |       ||     1
Armor: Robe              |     8 |       |       ||     8
       Scale mail        |    24 |       |       ||    24
       Plate armour      |    13 |    80 |    32 ||   125
Dodge: Dodged            |    39 |    61 |    17 ||   117
